Map: Golden Wall LE

Players

bleu

  • Race: Zerg Zerg
  • League: Diamond
  • Spawn Location: 5:00

A.I. 1 (Very Easy) - Winner!

  • Race: Terran Terran
  • Spawn Location: 7:00

VOD

Have the link to the VOD?

Description

Time

  • Played on: March 24, 2020, 5:30 p.m.
  • Length: 6:15
Show
View Real Time Build Order
Export as new Build Order

bleu Zerg 

Build Orders: Hatch First 

Get SALT Encoding   

  12  0:01  Drone  
  13  0:12  Overlord  
  13  0:17  Drone  
  14  0:30  Drone x2  
  16  0:49  Hatchery  
  15  0:52  Drone  
  15  0:57  Drone  
  17  1:00  Drone  
  18  1:12  Extractor  
  18  1:16  Spawning Pool  
  16  1:20  Drone  
  16  1:23  Drone  
  18  1:28  Drone  
  19  1:39  Drone  
  20  1:49  Overlord  
  20  2:03  Queen x2  
  20  2:04  Zergling x4  
  26  2:11  Drone  
  26  2:12  Drone  
  28  2:17  Metabolic Boost  
  28  2:22  Drone x2  
  30  2:41  Hatchery  
  29  2:45  Drone  
  29  2:46  Drone  
  31  2:53  Queen  
  33  2:58  Overlord  
  33  3:01  Drone  
  34  3:06  Pneumatized Carapace  
  34  3:09  Drone  
  34  3:11  Drone  
  36  3:17  Drone x2  
  36  3:18  Drone  
  39  3:20  Drone  
  39  3:24  Overlord  
  40  3:30  Drone x2  
  42  3:35  Queen  
  42  3:39  Overlord  
  44  3:48  Drone x4  
  48  3:49  Drone  
  48  3:50  Drone  
  48  3:55  Drone x2  
  52  3:59  Queen  
  52  4:02  Drone x2  
  56  4:04  Drone  
  56  4:06  Drone  
  58  4:20  Drone x4  
  58  4:21  Drone  
  58  4:23  Lair  
  64  4:24  Drone x3  
  64  4:26  Overlord  
  66  4:33  Overlord  
  66  4:35  Overlord  
  66  4:40  Extractor  
  66  4:41  Drone x2, Extractor  
  66  4:47  Drone x2, Evolution Chamber x2  
  66  4:50  Drone x3  
  69  4:53  Drone x3  
  72  5:00  Roach Warren  
  72  5:01  Zergling x6  
  74  5:07  Zergling x6  
  77  5:15  Overlord x2  
  77  5:16  Overlord  
  77  5:28  Hatchery  
  76  5:36  Overlord  
  76  5:37  Overlord  
  78  5:51  Roach  
  78  5:52  Roach x10  
  100  5:57  Extractor  
  100  5:58  Drone x2  
  100  5:59  Drone  
Show
View Real Time Build Order
Export as new Build Order

A.I. 1 (Very Easy) Terran - Winner!

Build Orders:  

Get SALT Encoding   

  12  0:00  SCV  
  13  0:13  SCV  
  14  0:19  Supply Depot  
  14  0:36  Refinery  
  14  0:46  Barracks  
  14  1:05  Supply Depot  
  14  1:12  Refinery  
  14  1:33  Orbital Command, Marine  
  15  1:52  Barracks Tech Lab  
  15  1:59  SCV  
  16  2:11  SCV  
  17  2:22  Marine  
  18  2:23  SCV  
  19  2:35  SCV  
  20  2:47  SCV  
  21  2:59  SCV  
  22  3:11  Marauder  
Tags
 
League
Diamond
Matchup
TvZ
Spawn Locations
Close Positions
Add a new tag
Caveats
  • Supply blocks, unpowered buildings, or Contaminate may cause inaccurate times.
  • Supply counts are checked every 10 seconds.